 Dungeon Crawl Stone Soup version 0.20.1-1-g8b1a95d (webtiles) character file.

837 Irenicus the Martial Artist (level 7, -1/46 HPs)
             Began as an Octopode Chaos Knight on Oct 13, 2017.
             Slain by Gremour's ghost (19 damage)
             ... on level 4 of the Dungeon.
             The game lasted 00:09:31 (3902 turns).

Irenicus the Martial Artist (Octopode Chaos Knight) Turns: 3902, Time: 00:09:31

Health: -1/46      AC:  1    Str: 11    XL:     7   Next: 99%
Magic:  7/7        EV: 13    Int: 15    God:    Xom [.*....]
Gold:   317        SH:  0    Dex: 13    Spells: 6/6 levels left

rFire    . . .     SeeInvis +     - Unarmed
rCold    . . .     Gourm    .   (no shield)
rNeg     . . .     Faith    .   (helmet restricted)
rPois    .         Spirit   .   (no amulet)
rElec    .         Reflect  .   m - ring of see invisible
rCorr    .         Harm     .   (no ring)
MR       .....                  (no ring)
Stlth    ++........             (no ring)
Regen    0.2/turn               (no ring)
MPRegen  0.1/turn               (no ring)
                                (no ring)
                                (no ring)

@: about to teleport, very slightly contaminated, invisible
A: almost no armour, stealthy swim, amphibious, 8 rings, constrict 8, camouflage
1, gelatinous body 1
a: Renounce Religion


You were on level 4 of the Dungeon.
You worshipped Xom.
You were a plaything of Xom.
You were hungry.

You visited 1 branch of the dungeon, and saw 4 of its levels.

You collected 317 gold pieces.

Inventory:

Missiles
 l - 5 tomahawks of returning (quivered)
Magical Staves
 t - an uncursed staff of power
Jewellery
 m - a ring of see invisible (left tentacle)
Scrolls
 c - a scroll of magic mapping {unknown}
 h - 2 scrolls of teleportation
 i - a scroll of fear {unknown}
 j - 2 scrolls of remove curse {unknown}
 n - a scroll of noise {unknown}
 r - a scroll of identify {unknown}
Potions
 d - a potion of agility
 f - a potion of haste
 k - a potion of cancellation
 p - a potion of might
 u - a potion of flight
Comestibles
 a - 2 bread rations
 b - a chunk of flesh
 g - 5 fruits
 o - 2 royal jellies
 q - a meat ration


   Skills:
 - Level 3.0 Fighting
 - Level 2.3 Dodging
 + Level 9.2 Unarmed Combat


You had 6 spell levels left.
You didn't know any spells.

Dungeon Overview and Level Annotations

Branches:
Dungeon (4/15)
 Temple: D:4-7

Altars:
Okawaru

Annotations:
D:4 Gremour's ghost, amateur FeMo; Natasha


Innate Abilities, Weirdness & Mutations

You cannot wear most types of armour.
You are very stealthy in the water. (Stealth+)
You are amphibious.
You can wear up to eight rings at the same time.
You can use your tentacles to constrict eight enemies at once.
Your skin changes colour to match your surroundings (Stealth+).
Your rubbery body absorbs attacks. (AC +1, EV +1)


Message History

There are no items here.
It was a potion of invisibility.
You fade into invisibility!
Xom roars with laughter!
Gremour's ghost hits you.
You are very lightly contaminated with residual magic.
You barely miss Gremour's ghost. Gremour's ghost misses you.
Gremour's ghost whispers, "The ORB doesn't exist."
Natasha, Servant of Life and Death comes into view.
Gremour's ghost says, "Death is but another step down the path of knowledge."
Gremour's ghost shouts, "You must not succeed where I failed!"
Gremour's ghost closely misses you.
Okay, then.
You aren't carrying any items that you can evoke.
Put on which piece of jewellery? (? for menu, Esc to quit)
Okay, then.
As you read the scroll of teleportation, it crumbles to dust.
You feel strangely unstable. Gremour's ghost hits you!!
You die...
Xom guffaws!

. #. #.##.#..#####.##.##
..#.##.##.#......W......
.......(......##.##.##
....##...#...##.##.##
#..##............(..
#..##...######.##.##
#.......÷.........#
#.####.###...†......####
........W@.......#####
############..##.#
#..##.# #...... #.#.....
#. ...... ....$. #.#


You could see Gremour's ghost.

Vanquished Creatures
  Grinder (D:3)
  A phantom (D:4)
  Blork the orc (D:4)
  A howler monkey (D:4)
  A hound (D:4)
  Natasha (D:4)
  2 iguanas (D:4)
  3 orc wizards (D:3)
  A worker ant (D:4)
  6 adders
  3 gnolls (D:4)
  A howler monkey skeleton (D:4)
  3 oozes
  2 worms
  A dart slug (D:3)
  A leopard gecko (D:3)
  14 orcs
  9 bats
  11 giant cockroaches
  9 hobgoblins
  4 jackals
  7 kobolds
  3 quokkas
  2 ball pythons
  8 frilled lizards
  7 goblins
  9 rats
112 creatures vanquished.

Notes
Turn   | Place    | Note
-------+----------+-------------------------------------------
     0 | D:1      | Irenicus the Octopode Chaos Knight began the quest for the Orb.
     0 | D:1      | Reached XP level 1. HP: 16/16 MP: 1/1
    66 | D:1      | XOM: divination: magic mapping
    67 | D:1      | Reached XP level 2. HP: 10/21 MP: 2/2
   292 | D:1      | XOM: harmless Tmut miscast
   689 | D:2      | Reached skill level 4 in Unarmed Combat
   723 | D:2      | Reached XP level 3. HP: 19/26 MP: 3/3
  1480 | D:2      | Reached XP level 4. HP: 31/31 MP: 4/4
  1507 | D:2      | XOM: butterfly on damage
  1543 | D:2      | XOM: divination: magic mapping
  1612 | D:2      | XOM: smoke on damage
  1613 | D:2      | Reached skill level 5 in Unarmed Combat
  1779 | D:3      | XOM is BORED!
  1779 | D:3      | XOM: medium Air miscast
  2141 | D:3      | Reached XP level 5. HP: 9/36 MP: 5/5
  2236 | D:3      | XOM: chaos cloud
  2244 | D:3      | XOM: mild Necr miscast
  2380 | D:3      | XOM: draining
  2419 | D:3      | Reached skill level 6 in Unarmed Combat
  2431 | D:3      | HP: 2/54 [poisoned by an orc wizard]
  2439 | D:3      | HP: 2/54 [poisoned by an orc wizard]
  2566 | D:3      | Reached XP level 6. HP: 10/42 MP: 6/6
  3032 | D:3      | Found an iron altar of Okawaru.
  3032 | D:3      | Noticed Grinder
  3051 | D:3      | Killed Grinder
  3051 | D:3      | Reached skill level 7 in Unarmed Combat
  3051 | D:3      | Reached XP level 7. HP: 23/46 MP: 7/7
  3333 | D:4      | XOM: mild Erth miscast
  3354 | D:4      | Reached skill level 8 in Unarmed Combat
  3383 | D:4      | Noticed Blork the orc
  3392 | D:4      | Killed Blork the orc
  3426 | D:4      | XOM: god gift: scroll labeled IRHAONGISCHU {god gift}
  3479 | D:4      | XOM: silly message
  3494 | D:4      | Noticed Natasha
  3499 | D:4      | Killed Natasha
  3798 | D:4      | XOM: medium Erth miscast
  3842 | D:4      | XOM: 1-stop teleportation journey
  3849 | D:4      | Reached skill level 9 in Unarmed Combat
  3883 | D:4      | XOM: harmless Necr miscast
  3886 | D:4      | Noticed Gremour's ghost (amateur FeMo)
  3897 | D:4      | Noticed Natasha
  3902 | D:4      | Slain by Gremour's ghost

Skill      XL: |  1  2  3  4  5  6  7 |
---------------+----------------------+-----
Unarmed Combat | 4 5 6 7 9 |  9.2
Fighting       | |  3.0
Dodging        | |  2.3

Action                   |  1- 3 |  4- 6 |  7- 9 || total
-------------------------+-------+-------+-------++-------
Melee: Unarmed           |    87 |   124 |    61 ||   272
       Constrict         |    23 |    32 |    17 ||    72
       Tentacles         |    10 |    19 |    11 ||    40
       Punch             |     2 |     6 |     6 ||    14
  Use: Potion            |       |     9 |     4 ||    13
       Scroll            |       |       |     2 ||     2
 Stab: Sleeping          |     6 |     2 |     2 ||    10
       Invisible         |       |     1 |       ||     1
  Eat: Chunk             |     1 |     5 |     3 ||     9
Armor: Skin              |     9 |    10 |       ||    19
Dodge: Dodged            |    53 |    68 |    36 ||   157
